 Dungeon Crawl Stone Soup version 0.29.0-13-gc9e81de378 (webtiles) character file.

Game seed: 10100325857783127863

11088 Bartlander the Marksfrog (level 11, -4/84 HPs)
             Began as a Barachi Hunter on Sept 8, 2022.
             Was a High Priest of Cheibriados.
             Slain by a death yak (23 damage)
             ... on level 10 of the Dungeon.
             The game lasted 00:43:20 (10796 turns).

Bartlander the Marksfrog (Barachi Hunter)          Turns: 10796, Time: 00:43:21

Health: -4/84      AC: 14    Str: 25    XL:     11   Next: 72%
Magic:  2/11       EV: 20    Int: 22    God:    Cheibriados [*****.]
Gold:   741        SH:  0    Dex: 34    Spells: 10/10 levels left

rFire   + . .      SeeInvis .   a - +2 shortbow
rCold   . . .      Faith    .   (shield currently unavailable)
rNeg    . . .      Spirit   .   c - +1 leather armour
rPois   .          Reflect  .   r - +2 helmet
rElec   .          Harm     .   y - +0 cloak
rCorr   .          Rampage  .   m - +2 pair of gloves
Will    .....                   o - +2 pair of boots
Stlth   ++++......              q - amulet of regeneration
HPRegen 1.04/turn               z - ring of protection from fire
MPRegen 0.12/turn               (no ring)

@: unable to hop, very slow
A: amphibious, slowness 1, strong legs 1, +LOS
a: Hop, Renounce Religion, Bend Time, Temporal Distortion, Slouch, Step From
Time


You were on level 10 of the Dungeon.
You worshipped Cheibriados.
Cheibriados was extremely pleased with you.
You visited 2 branches of the dungeon, and saw 12 of its levels.

You collected 741 gold pieces.

Inventory:

Hand Weapons
 a - a +2 shortbow (weapon)
 l - the +10 whip of the Magi {vorpal, Contam Int+2 Dex+4 Stlth+}
   (You found it on level 4 of the Dungeon)

   It inflicts extra damage upon your enemies.
   Int:       It affects your intelligence (+2).
   Dex:       It affects your dexterity (+4).
   Contam:    It causes magical contamination when unequipped.
   Stlth:     It makes you more stealthy.
 A - a +5 spear of distortion
Missiles
 G - a throwing net
Armour
 c - a +1 leather armour (worn)
 j - the +4 ring mail of Perfidy {Will+}
   (You found it on level 2 of the Dungeon)

   Will:      It increases your willpower.
 m - a +2 pair of gloves (worn)
 o - a +2 pair of boots (worn)
 r - a +2 helmet (worn)
 y - a +0 cloak (worn)
Jewellery
 q - an amulet of regeneration (around neck)
 t - an amulet of faith
 z - a ring of protection from fire (left hand)
 E - a ring of wizardry
 F - a ring of fire
 H - the ring "Elo Hegu" {Fly Str+4}
   (You took it off a gnoll sergeant on level 9 of the Dungeon)

   [ring of flight]

   Str:       It affects your strength (+4).
   Fly:       It grants you flight.
Wands
 f - a wand of mindburst (8)
 p - a wand of digging (9)
 s - a wand of polymorph (14)
 v - a wand of paralysis (4)
Scrolls
 b - 4 scrolls of immolation
 h - 3 scrolls of teleportation
 x - 2 scrolls of fog
 B - 2 scrolls of identify
 C - a scroll of magic mapping
 D - a scroll of enchant armour
Potions
 d - 6 potions of curing
 e - 2 potions of might
 g - 3 potions of cancellation
 k - 2 potions of brilliance
 n - a potion of haste {unknown}
 u - 2 potions of mutation {unknown}
 w - 2 potions of flight {unknown}


   Skills:
 * Level 7.4 Fighting
 - Level 16.0 Ranged Weapons
 * Level 6.8 Dodging
 + Level 4.0 Stealth


You had 10 spell levels left.
You didn't know any spells.
Your spell library contained the following spells:

 Spells                   Type           Power      Damage    Failure   Level
 Magic Dart               Conj           0%         1d3       19%         1
 Blink                    Tloc           0%         N/A       28%         2
 Searing Ray              Conj           0%         2d4       28%         2
 Conjure Flame            Conj/Fire      0%         6-21      50%         3
 Dazzling Flash           Conj/Hex       0%         N/A       50%         3
 Ignite Poison            Fire/Tmut/Pois 0%         N/A       50%         3
 Fulminant Prism          Conj/Hex       0%         3d6       88%         4
 Iskenderun's Mystic Bla  Conj/Tloc      0%         2d3       88%         4
 Leda's Liquefaction      Hex/Erth       0%         N/A       88%         4
 Sticky Flame             Conj/Fire      0%         2d3       88%         4
 Agony                    Necr           0%         N/A       99%         5
 Silence                  Hex/Air        0%         N/A       99%         5
 Discord                  Hex            0%         N/A       100%        8


Dungeon Overview and Level Annotations

Branches:
Dungeon (11/15)            Temple (1/1) D:4             Orc (0/2) D:9
   Lair: D:8-11

Altars:
Ashenzari
Cheibriados
Dithmenos
Elyvilon
Fedhas
Gozag
Hepliaklqana
Kikubaaqudgha
Makhleb
Nemelex Xobeh
Okawaru
Qazlal
Ru
Sif Muna
Trog
Uskayaw
Vehumet
Xom
Yredelemnul
The Shining One

Annotations:
D:3 1 runed translucent door, Crazy Yiuf


Innate Abilities, Weirdness & Mutations

You are amphibious.
You cover ground slowly.
You can hop short distances.
You have an extended range of vision and can be seen from far away.


Message History

The death yak misses you. The death yak attacks as you move away!
The death yak misses you. x3
The death yak completely misses you. The death yak misses you.
The death yak attacks as you move away! The death yak gores you!
The death yak gores you but does no damage.
The death yak closely misses you. The death yak gores you!!
The death yak gores you! The death yak gores you!!
* * * LOW HITPOINT WARNING * * *
As you read the scroll of fear, it crumbles to dust.
You assume a fearsome visage.
The hell rat looks frightened!
The death yak resists with some effort. x2
The death yak resists with almost no effort.
The death yak misses you.
Unknown command.
You fail to use your ability.
The death yak gores you but does no damage.
Okay, then.
You feel much better. The death yak misses you.
You fail to use your ability.
The death yak misses you.
Activating: Slouch (58% risk of failure)
Press: ? - help, Dir - look around, f - activate You fail to use your ability.
The death yak gores you!
Activating: Slouch (58% risk of failure)
Press: ? - help, Dir - look around, f - activate You fail to use your ability.
The death yak closely misses you.
Activating: Slouch (58% risk of failure)
Press: ? - help, Dir - look around, f - activate You fail to use your ability.
The death yak completely misses you. The flow of time bends around you.
The death yak easily resists.
The death yak gores you but does no damage.
The flow of time bends around you.
The death yak easily resists.
Cheibriados lowers the support of your attributes as your movement quickens.
The death yak gores you!
* * * LOW HITPOINT WARNING * * *
The flow of time bends around you.
The death yak resists with some effort.
The death yak gores you!!
You die...

####### #.....# #.....#
#.....# #### #.....#
#..############## #.....##
#..<@YYY........## #......#
#.#############..####
####.#.###.# #.......Y..r
#.#.....## #.........##
##...##..)##### #..........#
##.....##......###.........r.
#.......#.####.............#.
#.......#.# #####.##.....#..
#......>#.# #..###.......


You could see 3 death yaks.

Vanquished Creatures
  A two-headed ogre (D:9)
  4 kobold demonologists
  A komodo dragon (D:9)
  A slime creature (D:9)
  2 hornets
  A dream sheep (shapeshifter) (D:9)
  A vampire (D:10)
  5 wyverns (D:9)
  10 yaks
  4 steam dragons
  Menkaure (D:7)
  Duvessa (D:7)
  3 water moccasins
  5 orc warriors
  2 black bears
  An ice beast (D:5)
  An ogre (D:7)
  A sky beast (D:6)
  5 centaurs
  2 phantoms
  5 kobold brigands
  5 bullfrogs
  A necrophage (D:6)
  5 scorpions
  4 gnoll sergeants
  7 wights
  Dowan (D:7)
  13 killer bees
  6 howler monkeys
  A gnoll bouda (D:9)
  5 orc priests
  3 hounds
  Ijyb (D:3)
  3 iguanas
  Natasha (thrice) (D:3)
  7 orc wizards
  Terence (D:3)
  14 adders
  18 gnolls
  2 white imps
  3 ufetubi
  2 worms (D:2)
  4 dart slugs
  41 orcs
  3 ball pythons
  A bat zombie (D:9)
  8 endoplasms
  14 giant cockroaches
  8 hobgoblins
  10 jackals
  25 kobolds
  4 quokkas
  6 bats
  3 frilled lizards
  12 goblins
  4 rats
  3 rat zombies (D:9)
308 creatures vanquished.

Notes
Turn   | Place    | Note
-------+----------+-------------------------------------------
     0 | D:1      | Bartlander the Barachi Hunter began the quest for the Orb.
     0 | D:1      | Reached XP level 1. HP: 17/17 MP: 1/1
   135 | D:1      | Reached XP level 2. HP: 23/23 MP: 2/2
   584 | D:1      | Reached XP level 3. HP: 28/28 MP: 3/3
   901 | D:1      | Got the Grimoire of Shifting Malediction
   997 | D:2      | Identified the +4 ring mail of Perfidy {Will+}
  1025 | D:2      | Reached skill level 5 in Ranged Weapons
  1382 | D:2      | Found a broken altar of Ashenzari.
  1609 | D:2      | Reached XP level 4. HP: 34/34 MP: 4/4
  2061 | D:3      | Reached skill level 6 in Ranged Weapons
  2124 | D:3      | Reached XP level 5. HP: 37/39 MP: 5/5
  2142 | D:3      | Noticed Ijyb
  2170 | D:3      | Killed Ijyb
  2421 | D:3      | Found a faded altar of an unknown god.
  2543 | D:3      | Found a radiant altar of Vehumet.
  2546 | D:3      | Noticed Terence
  2708 | D:3      | Noticed Natasha
  2717 | D:3      | Killed Natasha
  2963 | D:3      | Found a runed translucent door.
  2964 | D:3      | Noticed Crazy Yiuf
  3034 | D:3      | Noticed Natasha
  3039 | D:3      | Killed Natasha
  3178 | D:3      | Noticed Natasha
  3180 | D:3      | Killed Natasha
  3181 | D:3      | Reached skill level 7 in Ranged Weapons
  3181 | D:3      | Reached XP level 6. HP: 46/46 MP: 6/6
  3600 | D:3      | Killed Terence
  3656 | D:4      | Identified the +10 whip of the Magi {vorpal, Contam Int+2
                  | Dex+4 Stlth+}
  3851 | D:4      | Found a basalt altar of Yredelemnul.
  3876 | D:4      | Reached skill level 8 in Ranged Weapons
  3885 | D:4      | Reached XP level 7. HP: 51/51 MP: 7/7
  3920 | D:4      | Found a staircase to the Ecumenical Temple.
  4002 | Temple   | Entered the Ecumenical Temple
  4093 | Temple   | Became a worshipper of Cheibriados the Contemplative
  4132 | D:4      | Found an iron altar of Okawaru.
  4262 | D:5      | Entered Level 5 of the Dungeon
  4369 | D:4      | Reached * piety under Cheibriados
  4556 | D:5      | Reached skill level 9 in Ranged Weapons
  4687 | D:5      | Reached XP level 8. HP: 57/57 MP: 8/8
  4786 | D:5      | Reached skill level 10 in Ranged Weapons
  5283 | D:6      | Reached skill level 11 in Ranged Weapons
  5311 | D:6      | Reached ** piety under Cheibriados
  5853 | D:7      | Reached XP level 9. HP: 62/62 MP: 9/9
  5905 | D:6      | Reached skill level 12 in Ranged Weapons
  5972 | D:7      | Found a hazy altar of Hepliaklqana.
  6016 | D:7      | Noticed Dowan
  6034 | D:7      | Noticed Menkaure
  6374 | D:7      | Reached *** piety under Cheibriados
  6375 | D:7      | Reached skill level 13 in Ranged Weapons
  6390 | D:7      | Noticed Duvessa
  6748 | D:7      | Killed Menkaure
  7175 | D:7      | Killed Duvessa
  7178 | D:7      | Killed Dowan
  7356 | D:8      | Noticed a hornet
  7395 | D:7      | Reached skill level 14 in Ranged Weapons
  7541 | D:8      | Reached XP level 10. HP: 68/68 MP: 10/10
  8000 | D:8      | Reached skill level 15 in Ranged Weapons
  8604 | D:9      | Reached **** piety under Cheibriados
  8604 | D:9      | Noticed a two-headed ogre
  8615 | D:9      | Killed a two-headed ogre
  8644 | D:9      | Found a staircase to the Orcish Mines.
  8656 | D:9      | Reached skill level 16 in Ranged Weapons
  8656 | D:9      | Reached skill level 1 in Stealth
  8811 | D:9      | Reached ***** piety under Cheibriados
  8969 | D:9      | Noticed a kobold demonologist
  8969 | D:9      | Noticed a kobold demonologist
  8990 | D:9      | Noticed a rust devil
  9002 | D:8      | Killed a kobold demonologist
  9003 | D:8      | Reached XP level 11. HP: 77/77 MP: 11/11
  9316 | D:9      | Found an ancient bone altar of Kikubaaqudgha.
  9476 | D:9      | Reached skill level 5 in Fighting
  9712 | D:9      | Reached skill level 5 in Dodging
  9743 | D:9      | Identified the ring "Elo Hegu" {Fly Str+4}
  9974 | D:10     | Entered Level 10 of the Dungeon
 10238 | D:10     | You fall into a shaft and drop 1 floor!
 10281 | D:10     | Noticed a sixfirhy
 10320 | D:10     | Noticed a death yak
 10432 | D:10     | Noticed a sixfirhy
 10542 | D:10     | Found a shimmering altar of Xom.
 10544 | D:10     | Found a sparkling altar of Nemelex Xobeh.
 10546 | D:10     | Found a hide-covered altar of Uskayaw.
 10548 | D:10     | Found a bloodstained altar of Trog.
 10549 | D:10     | Found a blossoming altar of Fedhas.
 10549 | D:10     | Found an opulent altar of Gozag.
 10549 | D:10     | Found a glowing golden altar of the Shining One.
 10549 | D:10     | Found a white marble altar of Elyvilon.
 10725 | D:10     | Noticed a death yak
 10773 | D:10     | Noticed a death yak
 10796 | D:10     | Slain by a death yak

Illustrated notes

Levels and vault maps discovered:
D:1:      dpeg_arrival_three_smaller_balls, layout_basic
D:2:      layout_loops_cross, basic_altar, st_stairs_1, minmay_pentomino_pile
D:3:      minmay_roachtagon, layout_loops_ring, nicolae_vehumet_radiance,
          chequers_ecumenical_altar_simple_redux, uniq_terence, uniq_natasha,
          uniq_crazy_yiuf_cottage, uniq_ijyb
D:4:      kennysheep_the_goblin_king, layout_cave_pools,
          okawaru_altar_gauntlet_db, yredelemnul_altar_generic, temple_green
D:5:      layout_rooms
D:6:      layout_loops_ring
D:7:      layout_loops_ring, lemuel_crystal_altar, enter_bailey_2,
          nicolae_ossuary_entry_plus, grunt_ministairs_13,
          minmay_chambers_of_fives, uniq_duvessa, uniq_menkaure
D:8:      layout_layer_cave, st_stairs_5, supply_closet_lemuel,
          kennysheep_generic_room_5
D:9:      kennysheep_windowed_halls, layout_irregular_city,
          lemuel_zombie_altar_kikubaaqudgha, david_orc_5
D:10:     layout_rooms, grunt_temple_overflow_open, dpeg_lair_monsters
D:11:     layout_loops_ring, uniq_harold, uniq_sonja
Temple:   nicolae_temple_figure_zero

Skill      XL: |  1  2  3  4  5  6  7  8  9 10 11 |
---------------+----------------------------------+-----
Ranged Weapons | 5 6 7 8 9 11 14 16 | 16.0
Stealth        | 2 4 |  4.0
Fighting       | 4 7 |  7.4
Dodging        | 3 6 |  6.8

Action                   |  1- 3 |  4- 6 |  7- 9 | 10-12 || total
-------------------------+-------+-------+-------+-------++-------
Melee: Shortbow          |       |       |     3 |     2 ||     5
 Fire: Shortbow          |    96 |   204 |   369 |   446 ||  1115
Invok: Bend Time         |       |       |       |     3 ||     3
       Slouch            |       |       |       |     1 ||     1
 Abil: Hop               |     2 |     6 |    11 |     5 ||    24
Evoke: Wand              |       |       |     5 |       ||     5
  Use: Scroll            |     3 |     8 |    10 |     6 ||    27
       Potion            |       |       |     1 |     2 ||     3
Armor: Leather armour    |    13 |    23 |    84 |    71 ||   191
Dodge: Dodged            |    35 |    44 |   138 |   156 ||   373
